1836 views
Uploaded 2023-02-10 03:06:32
Game version 1.35 (6115)
31:25 long 2on2 ladder game on (4)white shore s3
Saved by GIGA
1836 views
Uploaded 2023-02-10 03:06:32
Game version 1.35 (6115)
31:25 long 2on2 ladder game on (4)white shore s3


82 units @ 11.7k
/ 2.1k
80 buildings @ 9.4k
/ 4.2k
KansasKing
(2)
(31:08) : 

| Peasant | 21 | 1575 | / | 0 |
| Siege Engine | 13 | 2535 | / | 780 |
| Flying Machine | 2 | 200 | / | 60 |
| Mortar Team | 1 | 180 | / | 70 |
| total: | 37 | 4490g | / | 910w |
| Scout Tower | 19 | 570 | / | 380 |
| Arcane Tower | 6 | 420 | / | 300 |
| Guard Tower | 9 | 630 | / | 450 |
| Altar of Kings | 1 | 180 | / | 50 |
| Farm | 16 | 1280 | / | 320 |
| Lumber Mill | 1 | 120 | / | 0 |
| Town Hall | 2 | 770 | / | 410 |
| Blacksmith | 1 | 140 | / | 60 |
| Workshop | 4 | 560 | / | 560 |
| Keep | 1 | 320 | / | 210 |
| Castle | 1 | 360 | / | 210 |
| total: | 44 | 3620g | / | 1780w |
| 0:17 | Altar of Kings |
| 0:19 | Peasant |
| 0:19 | Peasant |
| 0:44 | Scout Tower |
| 0:56 | Farm |
| 1:01 | Peasant |
| 1:13 | Arcane Tower |
| 1:35 | Scout Tower |
| 1:47 | Scout Tower |
| 1:51 | Peasant |
| 2:27 | Lumber Mill |
| 2:38 | Flame Strike |
| 2:42 | Arcane Tower |
| 2:53 | Farm |
| 3:29 | Scout Tower |
| 3:33 | Peasant |
| 3:33 | Peasant |
| 3:50 | Improved Masonry |
| 4:14 | Guard Tower |
| 4:23 | Peasant |
| 4:48 | Scout Tower |
| 4:53 | Scout Tower |
| 5:08 | Peasant |
| 5:10 | Peasant |
| 5:27 | Scout Tower |
| 6:44 | Arcane Tower |
| 6:47 | Guard Tower |
| 7:30 | Guard Tower |
| 8:16 | Scout Tower |
| 8:18 | Scout Tower |
| 8:41 | Scout Tower |
| 8:42 | Scout Tower |
| 8:49 | Scout Tower |
| 8:50 | Arcane Tower |
| 8:53 | Guard Tower |
| 9:21 | Guard Tower |
| 9:25 | Scout Tower |
| 9:29 | Arcane Tower |
| 9:51 | Guard Tower |
| 10:12 | Keep |
| 10:34 | Town Hall |
| 11:02 | Blacksmith |
| 12:03 | Farm |
| 12:04 | Farm |
| 12:05 | Farm |
| 12:12 | Farm |
| 12:13 | Farm |
| 12:16 | Farm |
| 12:17 | Farm |
| 13:06 | Workshop |
| 13:16 | Workshop |
| 13:38 | Castle |
| 13:44 | Peasant |
| 13:44 | Peasant |
| 13:45 | Peasant |
| 13:46 | Peasant |
| 14:14 | Town Hall |
| 14:34 | Blizzard |
| 15:31 | Peasant |
| 15:31 | Peasant |
| 15:32 | Peasant |
| 15:32 | Peasant |
| 16:19 | Farm |
| 16:20 | Farm |
| 16:20 | Farm |
| 16:24 | Farm |
| 17:00 | Siege Engine |
| 17:12 | Black Gunpowder |
| 17:20 | Iron Plating |
| 17:37 | Barrage |
| 17:41 | Peasant |
| 17:41 | Peasant |
| 17:42 | Peasant |
| 17:42 | Peasant |
| 18:06 | Farm |
| 18:18 | Siege Engine |
| 18:22 | Siege Engine |
| 18:24 | Siege Engine |
| 18:38 | Siege Engine |
| 18:58 | Banish |
| 19:05 | Siege Engine |
| 19:06 | Siege Engine |
| 19:51 | Refined Gunpowder |
| 20:00 | Farm |
| 20:19 | Steel Plating |
| 20:41 | Brilliance Aura |
| 20:50 | Scout Tower |
| 20:53 | Siege Engine |
| 21:26 | Arcane Tower |
| 21:31 | Farm |
| 22:12 | Siege Engine |
| 23:50 | Siege Engine |
| 23:52 | Siege Engine |
| 23:53 | Siege Engine |
| 24:01 | Scout Tower |
| 24:02 | Scout Tower |
| 24:04 | Scout Tower |
| 24:09 | Scout Tower |
| 24:09 | Scout Tower |
| 24:24 | Imbued Gunpowder |
| 24:57 | Guard Tower |
| 25:00 | Guard Tower |
| 25:03 | Guard Tower |
| 25:09 | Siege Engine |
| 25:16 | Mithril Plating |
| 26:49 | Flying Machine Bombs |
| 26:58 | Workshop |
| 27:04 | Workshop |
| 27:20 | Flak Cannons |
| 27:32 | Studded Leather Armor |
| 27:53 | Flying Machine |
| 27:54 | Flying Machine |
| 28:03 | Mortar Team |
| Right click | 1399 |
| Select | 377 |
| Resource trade | 126 |
| Chat | 116 |
| Build/train/purchase | 73 |
| Misc. action | 21 |
| Use ability | 10 |
| Remove unit | 6 |
| Minimap ping | 3 |


| Rod of Necromancy | 1 | 150 |
| Sacrificial Skull | 1 | 50 |
| Potion of Healing | 3 | 450 |
| Scroll of Town Portal | 1 | 350 |
| Scroll of Healing | 1 | 250 |
| Potion of Lesser Invulnerability | 2 | 300 |
| Potion of Invisibility | 1 | 100 |
| Periapt of Vitality | 1 | 325 |
| total: | 11 | 1975g |
| Acolyte | 16 | 1200 | / | 0 |
| Ghoul | 8 | 960 | / | 0 |
| Crypt Fiend | 11 | 2365 | / | 440 |
| Gargoyle | 3 | 525 | / | 90 |
| Obsidian Statue | 2 | 400 | / | 70 |
| Frost Wyrm | 4 | 1540 | / | 480 |
| Goblin Sapper | 1 | 215 | / | 100 |
| total: | 45 | 7205g | / | 1180w |
| Nerubian Tower | 3 | 300 | / | 60 |
| Spirit Tower | 3 | 435 | / | 120 |
| Altar of Darkness | 1 | 180 | / | 50 |
| Ziggurat | 17 | 2550 | / | 850 |
| Crypt | 3 | 600 | / | 150 |
| Graveyard | 1 | 215 | / | 0 |
| Tomb of Relics | 3 | 390 | / | 90 |
| Necropolis | 3 | 675 | / | 0 |
| Sacrificial Pit | 1 | 75 | / | 150 |
| Slaughterhouse | 4 | 560 | / | 540 |
| Boneyard | 3 | 525 | / | 600 |
| Halls of the Dead | 1 | 320 | / | 210 |
| Black Citadel | 1 | 325 | / | 230 |
| total: | 36 | 5770g | / | 2430w |
| 0:05 | Acolyte |
| 0:05 | Acolyte |
| 0:12 | Altar of Darkness |
| 0:13 | Ziggurat |
| 0:16 | Acolyte |
| 0:35 | Crypt |
| 0:58 | Crypt |
| 1:22 | Graveyard |
| 1:33 | Ziggurat |
| 1:54 | Ghoul |
| 2:08 | Ghoul |
| 2:11 | Crypt |
| 2:15 | Tomb of Relics |
| 2:20 | Carrion Beetles |
| 2:34 | Ghoul |
| 2:53 | Crypt Fiend |
| 3:03 | Ziggurat |
| 3:11 | Creature Attack |
| 3:22 | Crypt Fiend |
| 3:32 | Ziggurat |
| 3:41 | Rod of Necromancy |
| 3:56 | Crypt Fiend |
| 4:05 | Crypt Fiend |
| 4:17 | Nerubian Tower |
| 4:23 | Sacrificial Skull |
| 4:27 | Crypt Fiend |
| 4:39 | Crypt Fiend |
| 4:43 | Acolyte |
| 4:58 | Crypt Fiend |
| 5:01 | Ghoul |
| 5:17 | Acolyte |
| 5:49 | Ziggurat |
| 5:55 | Ziggurat |
| 6:10 | Ziggurat |
| 6:14 | Ziggurat |
| 6:16 | Halls of the Dead |
| 6:17 | Creature Carapace |
| 7:08 | Ziggurat |
| 7:10 | Ziggurat |
| 7:13 | Crypt Fiend |
| 7:16 | Spiked Carapace |
| 7:56 | Necropolis |
| 8:16 | Ziggurat |
| 8:49 | Ghoul |
| 9:00 | Gargoyle |
| 9:46 | Gargoyle |
| 10:05 | Spirit Tower |
| 10:22 | Acolyte |
| 10:22 | Acolyte |
| 10:45 | Nerubian Tower |
| 10:48 | Tomb of Relics |
| 11:25 | Sacrificial Pit |
| 11:33 | Spirit Tower |
| 11:36 | Black Citadel |
| 11:59 | Ghoul |
| 12:39 | Slaughterhouse |
| 12:43 | Slaughterhouse |
| 12:45 | Slaughterhouse |
| 12:54 | Burrow |
| 13:02 | Slaughterhouse |
| 13:11 | Ghoul |
| 13:14 | Spirit Tower |
| 13:41 | Improved Creature Carapace |
| 14:03 | Acolyte |
| 14:11 | Obsidian Statue |
| 14:13 | Boneyard |
| 14:20 | Ghoul |
| 14:39 | Carrion Beetles |
| 14:42 | Boneyard |
| 14:47 | Acolyte |
| 15:25 | Tomb of Relics |
| 15:48 | Frost Wyrm |
| 15:58 | Necropolis |
| 16:00 | Boneyard |
| 16:09 | Ziggurat |
| 16:11 | Frost Wyrm |
| 16:48 | Destroyer Form |
| 16:49 | Obsidian Statue |
| 16:57 | Frost Wyrm |
| 17:15 | Advanced Creature Carapace |
| 17:31 | Frost Wyrm |
| 17:48 | Ziggurat |
| 17:56 | Potion of Healing |
| 18:25 | Ziggurat |
| 19:03 | Impale |
| 19:06 | Acolyte |
| 19:12 | Scroll of Town Portal |
| 19:19 | Potion of Lesser Invulnerability |
| 19:33 | Acolyte |
| 20:24 | Acolyte |
| 20:25 | Nerubian Tower |
| 20:41 | Acolyte |
| 20:46 | Necropolis |
| 20:51 | Freezing Breath |
| 21:22 | Ziggurat |
| 21:26 | Gargoyle |
| 21:33 | Web |
| 22:24 | Ziggurat |
| 22:30 | Acolyte |
| 22:30 | Acolyte |
| 22:30 | Acolyte |
| 23:12 | Ziggurat |
| 24:04 | Potion of Healing |
| 24:33 | Crypt Fiend |
| 25:41 | Crypt Fiend |
| 25:43 | Potion of Lesser Invulnerability |
| 26:15 | Potion of Healing |
| 27:18 | Crypt Fiend |
| 27:30 | Scroll of Healing |
| 27:32 | Potion of Invisibility |
| 27:35 | Periapt of Vitality |
| 28:02 | Death Coil |
| 30:08 | Goblin Sapper |
| Right click | 1654 |
| Select | 729 |
| Chat | 421 |
| Select group | 291 |
| Misc. action | 166 |
| Build/train/purchase | 142 |
| Assign group | 74 |
| Minimap ping | 56 |
| Use ability | 44 |
| Resource trade | 14 |
| Item give/drop | 1 |
| Remove unit | 1 |
/ 0.8k
88 buildings @ 8.8k
/ 4k


| Peasant | 16 | 1200 | / | 0 |
| Footman | 3 | 405 | / | 0 |
| total: | 19 | 1605g | / | 0w |
| Scout Tower | 20 | 600 | / | 400 |
| Arcane Tower | 4 | 280 | / | 200 |
| Guard Tower | 7 | 490 | / | 350 |
| Altar of Kings | 2 | 360 | / | 100 |
| Farm | 7 | 560 | / | 140 |
| Barracks | 1 | 160 | / | 60 |
| Lumber Mill | 2 | 240 | / | 0 |
| Town Hall | 1 | 385 | / | 205 |
| Keep | 1 | 320 | / | 210 |
| total: | 33 | 2305g | / | 905w |
| 0:04 | Peasant |
| 0:04 | Peasant |
| 0:08 | Altar of Kings |
| 0:10 | Farm |
| 0:12 | Farm |
| 0:24 | Peasant |
| 0:35 | Peasant |
| 0:48 | Peasant |
| 0:57 | Barracks |
| 1:13 | Peasant |
| 1:14 | Peasant |
| 1:31 | Farm |
| 1:37 | Scout Tower |
| 1:39 | Peasant |
| 1:48 | Peasant |
| 1:52 | Lumber Mill |
| 1:59 | Peasant |
| 2:07 | Footman |
| 2:14 | Arcane Tower |
| 2:34 | Peasant |
| 2:34 | Peasant |
| 2:34 | Peasant |
| 2:45 | Footman |
| 2:52 | Peasant |
| 3:01 | Storm Bolt |
| 3:14 | Peasant |
| 3:15 | Peasant |
| 3:38 | Scout Tower |
| 3:39 | Scout Tower |
| 3:40 | Scout Tower |
| 3:41 | Scout Tower |
| 3:42 | Scout Tower |
| 3:43 | Scout Tower |
| 3:45 | Scout Tower |
| 3:46 | Scout Tower |
| 4:02 | Keep |
| 4:04 | Improved Lumber Harvesting |
| 4:37 | Bash |
| 4:40 | Footman |
| 4:45 | Guard Tower |
| 4:47 | Scout Tower |
| 4:50 | Scout Tower |
| 4:51 | Scout Tower |
| 4:56 | Scout Tower |
| 4:57 | Scout Tower |
| 5:10 | Guard Tower |
| 5:21 | Improved Masonry |
| 5:47 | Guard Tower |
| 6:05 | Guard Tower |
| 6:08 | Scout Tower |
| 6:35 | Farm |
| 6:54 | Advanced Masonry |
| 7:03 | Arcane Tower |
| 7:05 | Scout Tower |
| 7:05 | Scout Tower |
| 7:09 | Arcane Tower |
| 7:10 | Arcane Tower |
| 7:13 | Guard Tower |
| 7:21 | Lumber Mill |
| 8:07 | Holy Light |
| 8:13 | Altar of Kings |
| 8:26 | Farm |
| 8:26 | Farm |
| 9:14 | Farm |
| 9:20 | Scout Tower |
| 9:23 | Scout Tower |
| 9:26 | Guard Tower |
| 9:28 | Scout Tower |
| 13:06 | Guard Tower |
| 18:44 | Bash |
| 20:12 | Holy Light |
| 24:47 | Divine Shield |
| 26:33 | Town Hall |
| Right click | 1602 |
| Select group | 859 |
| Select | 338 |
| Chat | 108 |
| Build/train/purchase | 44 |
| Minimap ping | 21 |
| Assign group | 19 |
| Misc. action | 16 |
| Use ability | 15 |
| Resource trade | 4 |
| Item give/drop | 3 |
| Remove unit | 2 |
DudeWhy
(236)
(31:13) : 


| Peasant | 15 | 1125 | / | 0 |
| Footman | 4 | 540 | / | 0 |
| Mortar Team | 4 | 720 | / | 280 |
| Flying Machine | 14 | 1400 | / | 420 |
| Goblin Shredder | 1 | 375 | / | 100 |
| total: | 38 | 4160g | / | 800w |
| Scout Tower | 17 | 510 | / | 340 |
| Arcane Tower | 2 | 140 | / | 100 |
| Guard Tower | 2 | 140 | / | 100 |
| Altar of Kings | 2 | 360 | / | 100 |
| Farm | 18 | 1440 | / | 360 |
| Lumber Mill | 3 | 360 | / | 0 |
| Barracks | 1 | 160 | / | 60 |
| Town Hall | 7 | 2695 | / | 1435 |
| Blacksmith | 1 | 140 | / | 60 |
| Arcane Vault | 1 | 130 | / | 30 |
| Workshop | 4 | 560 | / | 560 |
| Gryphon Aviary | 1 | 140 | / | 150 |
| Keep | 1 | 320 | / | 210 |
| Castle | 1 | 360 | / | 210 |
| total: | 55 | 6495g | / | 3095w |
| 0:02 | Peasant |
| 0:05 | Peasant |
| 0:17 | Altar of Kings |
| 0:26 | Peasant |
| 0:33 | Farm |
| 0:43 | Peasant |
| 0:49 | Lumber Mill |
| 0:50 | Peasant |
| 1:00 | Peasant |
| 1:02 | Farm |
| 1:18 | Barracks |
| 1:21 | Scout Tower |
| 1:22 | Peasant |
| 1:47 | Peasant |
| 1:53 | Peasant |
| 1:55 | Farm |
| 2:02 | Peasant |
| 2:12 | Arcane Tower |
| 2:18 | Storm Bolt |
| 2:24 | Footman |
| 2:26 | Peasant |
| 2:37 | Peasant |
| 2:48 | Footman |
| 2:52 | Farm |
| 2:59 | Peasant |
| 3:37 | Town Hall |
| 4:02 | Footman |
| 4:06 | Peasant |
| 4:35 | Bash |
| 4:41 | Footman |
| 4:44 | Farm |
| 4:47 | Scout Tower |
| 4:48 | Scout Tower |
| 4:49 | Scout Tower |
| 4:53 | Scout Tower |
| 4:55 | Scout Tower |
| 4:56 | Scout Tower |
| 5:11 | Keep |
| 5:13 | Peasant |
| 5:34 | Goblin Shredder |
| 6:06 | Guard Tower |
| 6:11 | Scout Tower |
| 6:33 | Scout Tower |
| 6:35 | Scout Tower |
| 6:37 | Guard Tower |
| 6:43 | Blacksmith |
| 6:45 | Altar of Kings |
| 6:46 | Farm |
| 6:47 | Farm |
| 6:48 | Farm |
| 7:44 | Farm |
| 7:46 | Castle |
| 7:47 | Farm |
| 8:09 | Storm Bolt |
| 8:09 | Storm Bolt |
| 8:13 | Workshop |
| 8:17 | Workshop |
| 8:18 | Workshop |
| 8:21 | Workshop |
| 8:31 | Arcane Tower |
| 9:12 | Black Gunpowder |
| 9:23 | Flak Cannons |
| 9:23 | Flare |
| 9:30 | Farm |
| 9:37 | Farm |
| 10:04 | Holy Light |
| 10:08 | Fragmentation Shards |
| 10:08 | Flying Machine Bombs |
| 10:16 | Mortar Team |
| 10:45 | Mortar Team |
| 10:52 | Refined Gunpowder |
| 11:41 | Flying Machine |
| 11:42 | Flying Machine |
| 12:10 | Flying Machine |
| 13:01 | Flying Machine |
| 13:04 | Flying Machine |
| 13:56 | Imbued Gunpowder |
| 16:13 | Divine Shield |
| 16:14 | Divine Shield |
| 17:32 | Flying Machine |
| 17:32 | Flying Machine |
| 17:32 | Flying Machine |
| 17:33 | Flying Machine |
| 17:33 | Flying Machine |
| 17:33 | Flying Machine |
| 17:33 | Flying Machine |
| 18:06 | Farm |
| 18:08 | Farm |
| 18:09 | Farm |
| 18:43 | Bash |
| 19:12 | Iron Plating |
| 19:14 | Flying Machine |
| 19:16 | Flying Machine |
| 19:41 | Holy Light |
| 21:16 | Mortar Team |
| 21:19 | Farm |
| 21:20 | Farm |
| 21:35 | Mortar Team |
| 21:44 | Farm |
| 22:03 | Town Hall |
| 22:07 | Town Hall |
| 22:28 | Town Hall |
| 22:47 | Scout Tower |
| 22:49 | Scout Tower |
| 23:50 | Storm Bolt |
| 23:53 | Divine Shield |
| 24:48 | Town Hall |
| 24:58 | Storm Bolt |
| 26:20 | Town Hall |
| 26:34 | Brilliance Aura |
| 26:46 | Arcane Vault |
| 26:52 | Lumber Mill |
| 27:31 | Lumber Mill |
| 27:33 | Steel Plating |
| 30:23 | Holy Light |
| 30:25 | Holy Light |
| 30:27 | Blizzard |
| 30:42 | Town Hall |
| 30:56 | Scout Tower |
| 30:59 | Scout Tower |
| 31:01 | Scout Tower |
| 31:02 | Scout Tower |
| 31:03 | Scout Tower |
| 31:06 | Gryphon Aviary |
| Right click | 1061 |
| Select group | 351 |
| Select | 333 |
| Use ability | 104 |
| Misc. action | 85 |
| Build/train/purchase | 81 |
| Resource trade | 19 |
| Assign group | 16 |
| Chat | 13 |
| Minimap ping | 6 |